AoeStats
← Tomate

Arena

510101351Analyzed
2v2 RM · 4d ago on Sep 29, 2026· 51m 54s· 4 players
Game mode
Random Map
Map size
Medium (4 player)
Population
200
Speed
Normal
Resources
Standard
Victory
Conquest
Starting age
Dark Age
Ending age
Imperial Age
RankedLock teamsTeams togetherTeam positionsShared explorationLock speedFull tech treeHidden civsTurbo modeCheats
Victory
Defeat
🇨🇱 Portuguese · Chile
965
+15
🇨🇱 Magyars · Chile
964
+15
🇫🇷 Japanese · France
987
-32
🇪🇸 Vikings · Spain
913
-14
ROKET_RS7
10:14 Feudal Age
15:48 Castle Age
17:21 Horse Collar
24:04 Forging
24:19 Double-Bit Axe
24:34 Gold Mining
30:50 Imperial Age
29:09 Gold Shaft Mining
29:10 Heavy Plow
29:50 Squires
30:15 Scale Mail Armor
30:19 Padded Archer Armor
30:09 Fletching
31:40 Leather Archer Armor
33:01 Fortified Wall
35:04 Ring Archer Armor
34:29 Bodkin Arrow
35:06 Elite Skirmisher
37:05 Bow Saw
38:03 Chemistry
38:45 Bracer
39:21 Iron Casting
40:47 Conscription
39:56 Light Cavalry
42:11 Capped Ram
42:54 Loom
42:56 Town Watch
44:52 Man-at-Arms
osX
11:52 Feudal Age
13:30 Double-Bit Axe
16:26 Castle Age
17:06 Stone Mining
19:08 Wheelbarrow
18:18 Horse Collar
18:30 Gold Mining
21:20 Loom
21:53 Hand Cart
23:15 Town Watch
24:19 Squires
25:36 Pikeman
28:19 Forging
28:09 Scale Mail Armor
30:25 Yasama
32:54 Heavy Plow
35:07 Town Patrol
35:48 Iron Casting
42:36 Imperial Age
42:57 Halberdier
44:44 Blast Furnace
43:59 Chain Mail Armor
43:48 Padded Archer Armor
43:39 Fletching
44:00 Capped Ram
44:41 Arson
47:43 Plate Mail Armor
47:29 Leather Archer Armor
Tomate
8:51 Feudal Age
9:50 Double-Bit Axe
9:48 Horse Collar
11:25 Loom
15:09 Bloodlines
16:32 Scale Barding Armor
20:02 Castle Age
18:56 Fletching
19:08 Padded Archer Armor
21:24 Wheelbarrow
20:51 Heavy Plow
21:29 Chain Barding Armor
24:06 Hand Cart
24:08 Husbandry
24:46 Gold Mining
25:25 Bow Saw
27:24 Gold Shaft Mining
34:20 Imperial Age
31:37 Town Watch
32:27 Bodkin Arrow
32:53 Stone Mining
33:57 Treadmill Crane
34:12 Murder Holes
34:38 Ballistics
34:13 Pikeman
36:20 Two-Man Saw
35:42 Cavalier
37:07 Parthian Tactics
36:48 Thumb Ring
38:10 Crop Rotation
38:18 Corvinian Army
41:28 Plate Barding Armor
43:04 Recurve Bow
43:25 Conscription
43:06 Recurve Bow
43:27 Conscription
43:14 Recurve Bow
43:35 Conscription
42:36 Elite Magyar Huszar
43:20 Arson
46:46 Bracer
51:06 Scale Mail Armor
51:21 Leather Archer Armor
51:05 Halberdier
51:51 Sappers
nnickk0
9:51 Feudal Age
9:59 Loom
10:12 Loom
13:42 Castle Age
12:14 Double-Bit Axe
12:12 Horse Collar
19:06 Fervor
20:18 Thumb Ring
22:38 Crossbowman
23:23 Fletching
27:39 Wheelbarrow
31:16 Imperial Age
29:19 Bodkin Arrow
29:25 Padded Archer Armor
32:00 Bow Saw
33:03 Chemistry
32:22 Hand Cart
31:38 Capped Ram
33:39 Two-Man Saw
33:12 Leather Archer Armor
35:15 Arbalester
39:12 Siege Engineers
39:52 Ring Archer Armor
39:22 Bracer
42:52 Town Watch
42:53 Onager
Connection lost

Rejoining the realm…

Still unreachable

The connection could not be restored.

Session expired

The server has moved on; the page needs a fresh start.